 Dungeon Crawl Stone Soup version 0.30.0-5-g1a98f26d00 (webtiles) character file.

Game seed: 2269858715008688945

608 cheesebisquit the Sneak (level 7, -1/58 HPs)
             Began as a Green Draconian Fire Elementalist on May 12, 2023.
             Slain by a gnoll sergeant
             ... wielding a +0 spear
              (2 damage)
             ... on level 4 of the Dungeon.
             The game lasted 00:10:25 (3962 turns).

cheesebisquit the Sneak (DrFE)                      Turns: 3962, Time: 00:10:26

Health: -1/58      AC:  6    Str:  7 (10) XL:     7   Next: 19%
Magic:  6/13       EV: 17    Int: 17 (18) God:
Gold:   228        SH:  0    Dex:  8 (11) Spells: 13/14 levels left

rFire   . . .        a - +1 dagger (speed)
rCold   . . .        (no shield)
rNeg    . . .        (body armour unavailable)
rPois   +            (helmet restricted)
rElec   .            (no cloak)
rCorr   .            (no gloves)
SInv    .            (no boots)
Will    +....        b - amulet of the acrobat
Stlth   ++           h - ring of willpower
HPRegen 0.29/turn    m - +5 ring of evasion
MPRegen 0.13/turn

%: acrobat
@: hasted, very quick
A: breathe noxious fumes, AC +6, unfitting armour, poison resistance,
cold-blooded, no potion heal 1
a: Breathe Noxious Fumes


You were on level 4 of the Dungeon.
You visited 1 branch of the dungeon, and saw 5 of its levels.

You collected 228 gold pieces.

Inventory:

Hand Weapons
 a - a +1 dagger of speed (weapon)
 f - a +0 whip
Missiles
 d - 6 poisoned darts
Jewellery
 b - an amulet of the acrobat (around neck)
 h - a ring of willpower (left hand)
 m - a +5 ring of evasion (right hand)
 z - a +4 ring of protection
Wands
 u - a wand of roots (5)
Scrolls
 e - 2 scrolls of fear {unknown}
 g - 4 scrolls of identify {unknown}
 k - 3 scrolls of enchant armour {unknown}
 o - 3 scrolls of teleportation {unknown}
 p - a scroll of amnesia {unknown}
 q - a scroll of vulnerability {unknown}
 r - a scroll of noise {unknown}
 s - 3 scrolls of blinking {unknown}
 t - 2 scrolls of immolation {unknown}
 w - 2 scrolls of enchant weapon {unknown}
 y - 2 scrolls of fog {unknown}
Potions
 c - 3 potions of haste
 i - 2 potions of mutation
 j - a potion of curing {unknown}
 l - 3 potions of degeneration
 n - 2 potions of attraction {unknown}
 v - 2 potions of heal wounds {unknown}
 x - a potion of berserk rage {unknown}


   Skills:
 + Level 3.8 Fighting
 + Level 3.8 Dodging
 + Level 4.1 Stealth
 + Level 4.0 Spellcasting
 - Level 1.2 Conjurations
 - Level 3.1 Fire Magic


You had 13 spell levels left.
You knew the following spells:

 Your Spells              Type           Power      Damage    Failure   Level
a - Foxfire               Conj/Fire      40%        2x1d6     6%          1

Your spell library contained the following spells:

 Spells                   Type           Power      Damage    Failure   Level
 Scorch                   Fire           28%        2d6       7%          2
 Inner Flame              Hex/Fire       8%         N/A       26%         3
 Volatile Blastmotes      Fire/Tloc      16%        2d11      26%         3
 Flame Wave               Conj/Fire      10%        2d6       54%         4
 Blade Hands              Tmut           1%         N/A       99%         5
 Iron Shot                Conj/Erth      2%         9d2       100%        6
 Animate Armour           Summ/Erth      Unusable   N/A       N/A         4

Dungeon Overview and Level Annotations

Branches:
Dungeon (5/15)
 Temple: D:4-7

Altars:
Fedhas
Hepliaklqana
Nemelex Xobeh
Ru
Uskayaw
Wu Jian

Annotations:
D:3 1 runed translucent door, Crazy Yiuf


Innate Abilities, Weirdness & Mutations

You can breathe blasts of noxious fumes.
Your lurid green scales are hard. (AC +6)
You cannot fit into any form of body armour.
Your system is resistant to poisons. (rPois)
You are cold-blooded and may be slowed by cold attacks.
Potions are less effective at restoring your health.


Message History

The foxfire hits the gnoll sergeant.
The gnoll sergeant is lightly wounded.
Casting: Foxfire (safe; 6% risk of failure)
Press: ? - help, Q - select action, (/) - cycle Dir - look around, f - activate You conjure some foxfire!
The foxfire hits the gnoll sergeant but does no damage.
The gnoll sergeant is lightly wounded.
The gnoll sergeant closely misses you.
You barely miss the gnoll sergeant.
The gnoll sergeant is lightly wounded.
The gnoll sergeant hits you with a +0 spear.
* * * LOW HITPOINT WARNING * * *
The foxfire hits the gnoll sergeant but does no damage.
The gnoll sergeant is lightly wounded.
Casting: Foxfire (safe; 6% risk of failure)
Press: ? - help, Q - select action, (/) - cycle Dir - look around, f - activate Look: a gnoll sergeant, wielding a +0 spear and wearing a +0 scale mail (lightly wounded, ally target)
Okay, then.
Okay, then.
Casting: Foxfire (safe; 6% risk of failure)
Press: ? - help, Q - select action, (/) - cycle Dir - look around, f - activate You conjure some foxfire!
The foxfire hits the gnoll sergeant but does no damage.
The gnoll sergeant is lightly wounded.
You hit the gnoll sergeant but do no damage.
The gnoll sergeant is lightly wounded.
The gnoll sergeant hits you with a +0 spear!
* * * LOW HITPOINT WARNING * * *
The foxfire hits the gnoll sergeant but does no damage.
The gnoll sergeant is lightly wounded.
It was a potion of degeneration.
There was something very wrong with that liquid.
You feel weakened.
You feel dopey.
You feel clumsy.
The foxfire hits the gnoll sergeant.
The gnoll sergeant is moderately wounded.
It was a potion of mutation.
You feel extremely strange.
Your system partially rejects the healing effects of potions.
Your toenails lengthen and sharpen.
Your talons dull and shrink into feet.
The gnoll sergeant hits you with a +0 spear.
You die...

######......#..##....##...#...'..
#......#..#..........#...#..
#......#..#..........#)..#..
###......#'######.##..####....
#...#####.......#######....###
##......#.......# #....#
#......#.......# #....#
#......'...ยงยงยง.# #....#
#......#....@..# #....#
#......#...).g.# #....#
########<......# #....# #########
######


You could see a gnoll sergeant.

Vanquished Creatures
  A centaur (D:3)
  A phantom (D:4)
  2 howler monkeys (D:4)
  A hound (D:4)
  An orc priest (D:4)
  An iguana (D:4)
  Jessica (D:3)
  Natasha (thrice) (D:3)
  2 orc wizards
  A gnoll (D:4)
  5 adders
  3 worms
  A dart slug (D:4)
  5 orcs
  6 ball pythons
  10 endoplasms
  3 giant cockroaches
  9 hobgoblins
  7 jackals
  3 quokkas
  A bat (D:2)
  3 frilled lizards
  2 goblins
  4 kobolds
  A rat (D:2)
77 creatures vanquished.

Vanquished Creatures (others)
  273 foxfires
273 creatures vanquished.

Grand Total: 350 creatures vanquished

Notes
Turn   | Place    | Note
-------+----------+-------------------------------------------
     0 | D:1      | cheesebisquit the Draconian Fire Elementalist began the
                  | quest for the Orb.
     0 | D:1      | Reached XP level 1. HP: 14/14 MP: 3/3
   495 | D:1      | Reached XP level 2. HP: 20/20 MP: 3/5
   534 | D:1      | You fall into a shaft and drop 1 floor!
   857 | D:2      | Reached XP level 3. HP: 20/27 MP: 0/6
  1008 | D:2      | Reached skill level 1 in Fighting
  1494 | D:3      | Found a sacrificial altar of Ru.
  1680 | D:3      | Found a blossoming altar of Fedhas.
  1697 | D:3      | Found a hide-covered altar of Uskayaw.
  1697 | D:3      | Found a hazy altar of Hepliaklqana.
  1705 | D:3      | Noticed Jessica
  1715 | D:3      | Killed Jessica
  1716 | D:3      | Reached XP level 4. HP: 30/35 MP: 2/8
  1717 | D:3      | Noticed a centaur
  1728 | D:3      | Killed a centaur
  1729 | D:3      | Reached XP level 5. HP: 25/41 MP: 6/9
  1827 | D:3      | Found a runed translucent door.
  1828 | D:3      | Noticed Crazy Yiuf
  2070 | D:3      | Noticed Natasha
  2080 | D:3      | Killed Natasha
  2120 | D:3      | Found a sparkling altar of Nemelex Xobeh.
  2140 | D:3      | Noticed Natasha
  2168 | D:3      | Killed Natasha
  2229 | D:3      | Noticed Natasha
  2241 | D:3      | Killed Natasha
  2242 | D:3      | Reached XP level 6. HP: 28/50 MP: 0/11
  2899 | D:4      | Found an ornate altar of the Wu Jian Council.
  3295 | D:4      | Your scales start taking on a lurid green colour.
  3295 | D:4      | Reached XP level 7. HP: 19/57 MP: 3/12
  3295 | D:4      | Gained mutation: Your system is resistant to poisons.
                  | (rPois) [Green Draconian growth]
  3927 | D:5      | Entered Level 5 of the Dungeon
  3960 | D:4      | HP: 1/58 [gnoll sergeant/+0 spear (7)]
  3962 | D:4      | Gained mutation: Potions are less effective at restoring
                  | your health. [potion of mutation]
  3962 | D:4      | Gained mutation: You have sharp toenails. [potion of
                  | mutation]
  3962 | D:4      | Lost mutation: You have sharp toenails. [potion of
                  | mutation]
  3962 | D:4      | Slain by a gnoll sergeant

Illustrated notes

Levels and vault maps discovered:
D:1:      scummos_arrival_simple_fountains, layout_loops_ring,
          chequers_serial_rivers_small_a, fountainhead
D:2:      layout_loops_cross
D:3:      layout_rooms, fedhas_altar_2, mainiacjoe_overflow_divided_tiny,
          mainiacjoe_overflow_catwalk_spiral, uniq_crazy_yiuf_cottage,
          uniq_jessica, uniq_natasha
D:4:      layout_gridville, nicolae_wu_jian_immortal_techniques,
          minmay_misc_feat_columns, kennysheep_boxes
D:5:      layout_loops_ring, lemuel_round_altar

Skill      XL: |  1  2  3  4  5  6  7 |
---------------+----------------------+-----
Stealth        | 2 3 4 |  4.1
Dodging        | 2 3 |  3.8
Fighting       | 1 2 3 |  3.8
Spellcasting   | 3 4 |  4.0
Conjurations   | |  1.2
Fire Magic     | |  3.1

Action                     |  1- 3 |  4- 6 |  7- 9 || total
---------------------------+-------+-------+-------++-------
  Melee: Whip              |    34 |     9 |       ||    43
         Unarmed           |     1 |       |       ||     1
         Tailslap          |     5 |     9 |     5 ||    19
         Dagger            |       |    34 |    24 ||    58
   Cast: Foxfire           |    56 |    71 |    24 ||   151
    Use: Potion            |       |     1 |     3 ||     4
 Armour: Skin              |     7 |    11 |       ||    18
  Dodge: Dodged            |    57 |    44 |    19 ||   120
